 Dungeon Crawl Stone Soup version 0.28-a0-796-gd4f0d3f9b2 (webtiles) character file.

Game seed: 2089030216350088071

87 Decritt the Gusty (level 4, 0/27 HPs)
             Began as a Tengu Air Elementalist on Nov 6, 2021.
             Killed from afar by an orc wizard (9 damage)
             ... with a puff of flame
             ... on level 3 of the Dungeon.
             The game lasted 00:12:21 (3953 turns).

Decritt the Gusty (Tengu Air Elementalist)          Turns: 3953, Time: 00:12:21

Health: 0/27       AC:  2    Str:  7 (8)  XL:     4   Next: 51%
Magic:  3/8        EV: 12    Int: 16 (17) God:
Gold:   130        SH:  0    Dex: 11 (14) Spells: 6/7 levels left

rFire   . . .      SeeInvis +   d - +0 dagger
rCold   . . .      Faith    .   (no shield)
rNeg    . . .      Spirit   .   a - +0 robe
rPois   .          Reflect  .   (helmet restricted)
rElec   .          Harm     .   (no cloak)
rCorr   .          Rampage  .   (no gloves)
Will    .....                   (boots unavailable)
Stlth   ++........              (no amulet)
HPRegen 0.09/turn               c - ring of see invisible
MPRegen 0.11/turn               (no ring)

@: no status effects
A: beak, talons 3
a: no special abilities


You were on level 3 of the Dungeon.
You visited 1 branch of the dungeon, and saw 3 of its levels.

You collected 130 gold pieces.

Inventory:

Hand Weapons
 d - a +0 dagger (weapon)
Missiles
 b - 3 atropa-tipped darts (quivered)
 k - 19 sling bullets
Armour
 a - a +0 robe (worn)
Jewellery
 c - a ring of see invisible (left hand)
Scrolls
 e - a scroll of blinking {unknown}
 h - a scroll of enchant weapon {unknown}
 i - a scroll of acquirement {unknown}
 j - a scroll of fog {unknown}
 l - a scroll of identify {unknown}


   Skills:
 * Level 2.4 Fighting
 * Level 2.2 Dodging
 - Level 2.0 Stealth
 - Level 2.0 Spellcasting
 - Level 3.0 Conjurations
 + Level 5.1 Air Magic


You had 6 spell levels left.
You knew the following spells:

 Your Spells              Type           Power      Damage    Failure   Level
a - Shock                 Conj/Air       56%        1d6       4%          1

Your spell library contained the following spells:

 Spells                   Type           Power      Damage    Failure   Level
 Static Discharge         Conj/Air       14%        N/A       6%          2
 Swiftness                Air            17%        N/A       8%          3
 Airstrike                Air            8%         N/A       26%         4
 Conjure Ball Lightning   Conj/Air       7%         3x3d6     99%         6
 Discord                  Hex            0%         N/A       100%        8
 Disjunction              Tloc           0%         N/A       100%        8


Dungeon Overview and Level Annotations

Branches:
Dungeon (3/15)

Altars:


Innate Abilities, Weirdness & Mutations

You have a beak for a mouth.
You have claws for feet.


Message History

* * * LOW HITPOINT WARNING * * *
Okay, then.
It was a potion of degeneration.
There was something very wrong with that liquid.
You feel weakened.
You feel dopey.
You feel clumsy.
The orc wizard hits you but does no damage.
The orc barely misses you. x2
It was a potion of heal wounds.
You feel much better.
The orc wizard hits you with a +0 dagger.
The orc barely misses you.
The orc hits you with a +0 dagger of venom.
Okay, then.
The orc closely misses you. The orc wizard casts a spell at you.
You are confused.
You bump into the rock wall.
You're too confused to cast spells.
You hit the orc wizard but do no damage.
The orc wizard is severely wounded.
The orc wizard closely misses you.
You bump into the rock wall.
The orc wizard hits you with a +0 dagger.
* * * LOW HITPOINT WARNING * * *
Non-targeted confused throw: 4 darts (atropa)
Press: ? - help, Q - select action, (/) - cycle Dir - look around, f - activate Look: an orc wizard, wielding a +0 dagger and wearing a +0 robe (severely wounded, slightly transparent)
You throw an atropa-tipped dart. The orc wizard misses you.
You bump into the rock wall.
The orc wizard hits you with a +0 dagger.
* * * LOW HITPOINT WARNING * * *
You bump into the rock wall.
You feel less confused.
The orc wizard hits you with a +0 dagger.
* * * LOW HITPOINT WARNING * * *
Things that are here:
a +0 club; a +0 leather armour; an orc corpse The orc wizard gestures at you while chanting.
The puff of flame hits you!
You die...

#.###.##.# #
#.# #....#
#.###.####
#....## #.##.#
#.##.# #
#.##.# .o.
#.##.#
########o.#.#
#...@#
#........)...
####.#
#.######.##.#
#o###o##
#o##(#.####
##.o)###o..#
###(..(.#.o#.#
#..........#.#
#.#........#.#
#.##.#.....#.#


You could see an orc wizard (invisible) and 2 orcs.

Vanquished Creatures
  2 adders
  2 worms (D:2)
  A dart slug (D:2)
  2 orcs (D:3)
  4 endoplasms (D:1)
  6 goblins
  4 hobgoblins
  7 jackals
  4 quokkas
  5 ball pythons
  7 bats
  A frilled lizard (D:1)
  4 kobolds
  6 rats
55 creatures vanquished.

Notes
Turn   | Place    | Note
-------+----------+-------------------------------------------
     0 | D:1      | Decritt the Tengu Air Elementalist began the quest for the
                  | Orb.
     0 | D:1      | Reached XP level 1. HP: 10/10 MP: 4/4
   308 | D:1      | Reached XP level 2. HP: 15/15 MP: 0/6
   522 | D:1      | Reached skill level 5 in Air Magic
  1120 | D:1      | Reached XP level 3. HP: 20/20 MP: 4/7
  2089 | D:1      | Reached skill level 1 in Fighting
  3008 | D:2      | Reached XP level 4. HP: 26/26 MP: 6/8
  3933 | D:3      | HP: 1/27 [orc (3)]
  3953 | D:3      | Killed from afar by an orc wizard

Illustrated notes

Levels and vault maps discovered:
D:1:      amcnicky_arrival_feature_with_door, layout_rooms
D:2:      layout_loops_ring, minmay_split_cup_large
D:3:      layout_loops_ring, minivault_23

Skill      XL: |  1  2  3  4 |
---------------+-------------+-----
Air Magic      | 5 |  5.1
Conjurations   | 2 3 |  3.0
Fighting       | 1 2 |  2.4
Dodging        | |  2.2
Stealth        | |  2.0
Spellcasting   | |  2.0

Action                   |  1- 3 |  4- 6 || total
-------------------------+-------+-------++-------
Melee: Peck              |     3 |     4 ||     7
       Unarmed           |     3 |       ||     3
       Dagger            |     5 |    15 ||    20
       Club              |     4 |       ||     4
       Kick              |     1 |     1 ||     2
Throw: Dart              |     7 |     4 ||    11
 Cast: Shock             |    73 |    38 ||   111
  Use: Potion            |       |     2 ||     2
 Stab: Invisible         |     1 |       ||     1
       Distracted        |       |     1 ||     1
Armor: Robe              |     3 |     3 ||     6
Dodge: Dodged            |    14 |    27 ||    41

Table legend: (Time is in decaauts)
 A = Elapsed time spent in this place.
 B = Non-inter-level travel time spent in this place.
 C = Inter-level travel time spent in this place.
 D = Time resting spent in this place.
 E = Time spent auto-exploring this place.
 F = Levels seen in this place.
 G = Mean time per level.
                   A        B        C        D        E       F      G
               +--------+--------+--------+--------+--------+-----+--------+
         Total |   3955 |   3888 |     67 |   2423 |    863 |   3 | 1318.3 |
       Dungeon |   3955 |   3888 |     67 |   2423 |    863 |   3 | 1318.3 |
               +--------+--------+--------+--------+--------+-----+--------+

Top non-repeatable levels by time:
     D:1: 2165 daAuts
     D:2: 1687 daAuts
     D:3: 102 daAuts
